 Dungeon Crawl Stone Soup version 0.23-a0-607-g760965b (webtiles) character file.

667 MalarOregon the Spear-Bearer (level 7, -2/55 HPs)
             Began as a Merfolk Gladiator on Dec 20, 2018.
             Was a Follower of Nemelex Xobeh.
             Slain by an iguana (9 damage)
             ... on level 5 of the Dungeon.
             The game lasted 00:11:53 (3374 turns).

MalarOregon the Spear-Bearer (Merfolk Gladiator)    Turns: 3374, Time: 00:11:54

Health: -2/55      AC:  5    Str: 14    XL:     7   Next: 57%
Magic:  7/7        EV: 16    Int:  9    God:    Nemelex Xobeh [*.....]
Gold:   191        SH:  0    Dex: 16    Spells: 6/6 levels left

rFire    . . .     SeeInvis .   a - +0 trident
rCold    . . .     Gourm    .   (no shield)
rNeg     . . .     Faith    .   q - +0 troll leather armour {Purgy}
rPois    .         Spirit   .   c - +0 helmet
rElec    .         Reflect  .   (no cloak)
rCorr    .         Harm     .   (no gloves)
MR       .....                  (no boots)
Stlth    +.........             (no amulet)
HPRegen  0.58/turn              (no ring)
MPRegen  0.10/turn              (no ring)

@: no status effects
A: change form in water, swift swim, stealthy swim
a: Draw Escape, Draw Destruction, Draw Summoning, Renounce Religion


You were on level 5 of the Dungeon.
You worshipped Nemelex Xobeh.
Nemelex Xobeh was aware of your devotion.
You were not hungry.

You visited 1 branch of the dungeon, and saw 5 of its levels.
You also visited: Sewer.

You collected 191 gold pieces.

Inventory:

Hand Weapons
 a - a +0 trident (weapon)
Missiles
 d - 3 throwing nets (quivered) {!f}
Armour
 c - a +0 helmet (worn)
 q - a +0 troll leather armour (worn) {Purgy}
   (You found it in a sewer)
Jewellery
 j - an uncursed amulet of guardian spirit {unknown}
   (You found it on level 2 of the Dungeon)
 p - the amulet of the Four Winds {rN+ MR+++ Clar}
   (You found it on level 5 of the Dungeon)

   [amulet of nothing]

   It protects you from negative energy.
   It affects your resistance to hostile enchantments.
   It protects you against confusion.
Scrolls
 b - a scroll of noise {unknown}
 f - 8 scrolls of teleportation {unknown}
 g - 2 scrolls of magic mapping {unknown}
 h - a scroll of identify {@r1}
 l - 3 scrolls of remove curse {@r2}
 m - a scroll of blinking {unknown}
 r - a scroll of fear {unknown}
 s - 2 scrolls of fog {unknown}
Potions
 i - a potion of invisibility
 k - a potion of flight
 o - a potion of brilliance
 t - a potion of magic
Comestibles
 e - 12 rations {!d}
 n - a chunk of flesh


   Skills:
 + Level 4.8 Fighting
 * Level 9.3 Polearms
 - Level 2.0 Throwing
 + Level 6.5 Dodging


You had 6 spell levels left.
You didn't know any spells.
Your spell library was empty.

Dungeon Overview and Level Annotations

Branches:
Dungeon (5/15)
 Temple: D:4-7

Altars:
Elyvilon
Fedhas
Nemelex Xobeh
Qazlal


Message History

The iguana barely misses you.
You hit the iguana. The adder bites you. The iguana closely misses you.
Some of the chunks of flesh in your inventory have rotted away.
You hit the iguana but do no damage. The adder bites you.
The shadow imp closely misses you. The iguana bites you!
You hit the iguana. The adder barely misses you.
The shadow imp barely misses you.
You hit the iguana. The adder bites you but does no damage.
The iguana barely misses you. The shadow imp closely misses you.
You barely miss the iguana. The adder completely misses you.
The iguana bites you! The shadow imp misses you. The adder bites you.
You closely miss the iguana. The iguana bites you!
* * * LOW HITPOINT WARNING * * *
The adder closely misses you. The shadow imp closely misses you.
You closely miss the shadow imp. The adder barely misses you.
The iguana barely misses you.
You hit the shadow imp. The shadow imp barely misses you.
The adder barely misses you.
You closely miss the shadow imp. The iguana barely misses you.
The shadow imp completely misses you. The adder closely misses you.
You barely miss the shadow imp. The iguana misses you.
The adder bites you but does no damage.
The shadow imp hits you but does no damage.
You hit the shadow imp. The adder misses you. The iguana completely misses you.
The shadow imp barely misses you.
You closely miss the shadow imp. The adder misses you.
The iguana closely misses you. The shadow imp hits you.
* * * LOW HITPOINT WARNING * * *
You hit the shadow imp but do no damage.
The adder bites you.
* * * LOW HITPOINT WARNING * * *
The iguana misses you.
You completely miss the shadow imp. The adder barely misses you.
The shadow imp misses you.
You barely miss the shadow imp. The adder completely misses you.
The iguana bites you.
* * * LOW HITPOINT WARNING * * *
The shadow imp misses you.
You puncture the shadow imp!
You kill the shadow imp!
The adder misses you. The iguana closely misses you.
You barely miss the adder. The adder completely misses you.
The iguana bites you.
* * * LOW HITPOINT WARNING * * *
The adder misses you.
You barely miss the iguana. The iguana barely misses you.
The adder closely misses you.
You closely miss the iguana. The adder misses you. The iguana bites you!
You die...
Your body disappears without a glow.

.........> #####.
...............
##.....##.....######....
#.............(## #....
................# #....
................####....
........................
......l..........###....
......S@................
.................####[##
#................##...#
##.....##.....#...#.####
####..[..######........
##..##### #.....####
#...##### #.....#
###..##...## #.....#
...........####.....##


You could see an iguana and an adder.

Vanquished Creatures
  Purgy (Sewer)
  A centaur (D:5)
  A phantom (D:5)
  A vampire bat (D:3)
  A howler monkey (D:4)
  A bullfrog skeleton (D:5)
  A centaur skeleton (D:4)
  Natasha (thrice) (D:3)
  A hound skeleton (D:4)
  An adder (Sewer)
  A shadow imp (D:5)
  2 worms (D:2)
  4 dart slugs
  3 fire bats (D:3)
  5 leopard geckos
  5 orcs (D:4)
  2 spectral bats (D:3)
  3 ball pythons
  3 bat skeletons (D:3)
  A bat zombie (D:3)
  6 giant cockroaches
  8 goblins
  2 hobgoblins
  5 jackals (D:3)
  A quokka (D:3)
  15 bats
  A bat simulacrum (D:3)
  8 frilled lizards
  4 kobolds
  A quokka skeleton (D:4)
  7 rats
99 creatures vanquished.

Notes
Turn   | Place    | Note
-------+----------+-------------------------------------------
     0 | D:1      | MalarOregon the Merfolk Gladiator began the quest for the
                  | Orb.
     0 | D:1      | Reached XP level 1. HP: 16/16 MP: 1/1
   173 | D:1      | Reached XP level 2. HP: 21/23 MP: 2/2
   214 | D:1      | Reached skill level 5 in Polearms
   505 | D:2      | Reached XP level 3. HP: 11/28 MP: 3/3
   744 | D:2      | Found a white marble altar of Elyvilon.
   874 | D:2      | Found a blossoming altar of Fedhas.
  1151 | D:3      | Found a sparkling altar of Nemelex Xobeh.
  1160 | D:3      | Became a worshipper of Nemelex Xobeh the Trickster
  1282 | D:3      | Received a gift from Nemelex Xobeh
  1293 | D:3      | Noticed Natasha
  1296 | D:3      | Killed Natasha
  1296 | D:3      | Reached skill level 6 in Polearms
  1296 | D:3      | Reached XP level 4. HP: 35/35 MP: 4/4
  1300 | D:3      | Noticed Natasha
  1315 | D:3      | Killed Natasha
  1379 | D:3      | Reached skill level 5 in Dodging
  1422 | D:3      | Reached XP level 5. HP: 34/41 MP: 5/5
  1514 | D:3      | Reached skill level 7 in Polearms
  1731 | D:3      | Reached XP level 6. HP: 45/48 MP: 6/6
  1800 | D:3      | Noticed Natasha
  1806 | D:3      | Killed Natasha
  2310 | D:4      | Received a gift from Nemelex Xobeh
  2347 | D:4      | Reached * piety under Nemelex Xobeh
  2423 | D:4      | Reached skill level 8 in Polearms
  2740 | D:5      | Entered Level 5 of the Dungeon
  2740 | D:5      | Noticed an ice beast
  2786 | D:5      | Found the amulet of the Four Winds {rN+ MR+++ Clar}
  2803 | D:5      | Reached XP level 7. HP: 51/54 MP: 7/7
  2879 | D:5      | Found a glowing drain.
  2924 | Sewer    | Entered a sewer
  2943 | Sewer    | Noticed Purgy
  2957 | Sewer    | Killed Purgy
  2957 | Sewer    | Reached skill level 9 in Polearms
  3317 | D:5      | Found a stormy altar of Qazlal.
  3317 | D:5      | Noticed an air elemental
  3374 | D:5      | Slain by an iguana

Vault maps used:
D:1:      enne_arrival_octagon_isle, wander_ebering_terrifying_dragon_lair
D:2:      lemuel_doored_altar, fedhas_ov_isle_minmay
D:3:      overflow_temple_1_default, goddamned_bats, uniq_natasha
D:4:      first_ration
D:5:      grunt_temple_overflow_open, lemuel_crystal_altar,
          nicolae_qazlal_style_of_elements, portal_sewer_entry_e,
          ebering_ghost_reflecting_pool, item_on_display_a
Sewer:    sewer_co_purgy_island

Skill      XL: |  1  2  3  4  5  6  7 |
---------------+----------------------+-----
Polearms       | 5 6 7 8 9 |  9.3
Fighting       | 3 4 |  4.8
Dodging        | 5 6 |  6.5
Throwing       | |  2.0

Action                   |  1- 3 |  4- 6 |  7- 9 || total
-------------------------+-------+-------+-------++-------
Melee: Trident           |   125 |   159 |    83 ||   367
       Tailslap          |       |       |     5 ||     5
  Use: Scroll            |       |       |     5 ||     5
 Stab: Sleeping          |     4 |     2 |     2 ||     8
  Eat: Chunk             |     1 |     5 |     2 ||     8
Armor: Leather armour    |    16 |    52 |     6 ||    74
       Troll leather arm |       |       |     4 ||     4
Dodge: Dodged            |    62 |   171 |    91 ||   324

Table legend:
 A = Non-vault XP
 B = Vault XP
 C = Vault XP percentage of total XP
 D = Non-vault monster count
 E = Vault monster count
 F = Vault count percentage of total count
                 A         B        C        D         E       F
            +---------+---------+-------+---------+---------+-------
      Total |     584 |     370 |  38.8 |      68 |      31 |  31.3
            +---------+---------+-------+---------+---------+-------
        D:1 |      29 |       3 |   9.4 |      16 |       1 |   5.9
        D:2 |      42 |       0 |   0.0 |      19 |       0 |   0.0
        D:3 |     100 |     211 |  67.8 |      18 |      21 |  53.8
        D:4 |     125 |       0 |   0.0 |       9 |       0 |   0.0
        D:5 |     288 |       0 |   0.0 |       6 |       0 |   0.0
      Sewer |       0 |     156 | 100.0 |       0 |       9 | 100.0
            +---------+---------+-------+---------+---------+-------
